 Dungeon Crawl Stone Soup version 0.29.0-4-gdea44cf6ec (webtiles) character file.

Game seed: 6663232217326801678

13 qw the Chopper (level 2, -4/24 HPs)
             Began as a Barachi Chaos Knight on Sept 3, 2022.
             Slain by a rust devil (9 damage)
             ... summoned by Xom
             ... on level 1 of the Dungeon.
             The game lasted 00:00:18 (603 turns).

qw the Chopper (Barachi Chaos Knight)                Turns: 603, Time: 00:00:18

Health: -4/24      AC:  1    Str: 13    XL:     2   Next: 37%
Magic:  2/2        EV: 11    Int: 12    God:
Gold:   27         SH:  0    Dex: 11    Spells: 1/1 levels left

rFire   . . .      SeeInvis .   a - +0 hand axe (chaos)
rCold   . . .      Faith    .   (no shield)
rNeg    . . .      Spirit   .   b - +2 leather armour
rPois   .          Reflect  .   (no helmet)
rElec   .          Harm     .   (no cloak)
rCorr   .          Rampage  .   (no gloves)
Will    .....                   (no boots)
Stlth   +.........              (no amulet)
HPRegen 0.08/turn               (no ring)
MPRegen 0.08/turn               (no ring)

@: corroded, slow
A: amphibious, slowness 1, strong legs 1, +LOS
a: Hop


You were on level 1 of the Dungeon.
You visited 1 branch of the dungeon, and saw 1 of its levels.

You collected 27 gold pieces.


Innate Abilities, Weirdness & Mutations

You are amphibious.
You cover ground slowly.
You can hop short distances.
You have an extended range of vision and can be seen from far away.


   Skills:
 - Level 3.6 Fighting
 + Level 4.1 Axes
 - Level 2.4 Armour
 - Level 1.1 Dodging


You had one spell level left.
You didn't know any spells.
Your spell library was empty.

Inventory:

Hand Weapons
 a - a +0 hand axe of chaos (weapon)
 g - a +0 whip
Armour
 b - a +2 leather armour (worn)
Scrolls
 d - 2 scrolls of immolation {unknown}
 f - a scroll of enchant weapon {unknown}
 h - a scroll of identify {unknown}
Potions
 e - a potion of lignification {unknown}
Miscellaneous
 c - a piece from Xom's chessboard (15/15)

Dungeon Overview and Level Annotations

Branches:
Dungeon (1/15)

Altars:


Message History

A hobgoblin and a quokka come into view.
The hobgoblin shouts!
You hit the hobgoblin.
The hobgoblin suddenly seems more agile.
The hobgoblin is lightly wounded.
The hobgoblin closely misses you.
You hit the hobgoblin.
You kill the hobgoblin!
You closely miss the quokka. The quokka closely misses you.
You hit the quokka. You burn the quokka.
You kill the quokka!
You see here a quokka corpse.
You see here a bat corpse.
Found 5 stones. "Fight to survive, mortal."
An ufetubus comes into view.
You closely miss the rust devil. You barely miss the shadow imp.
You barely miss the iron imp. You hit the ufetubus.
You closely miss the ufetubus.
The ufetubus is severely wounded.
You hit the shadow imp but do no damage.
You hit the iron imp but do no damage.
The iron imp is poisoned.
You hit the rust devil but do no damage.
The ufetubus barely misses you. The ufetubus hits you. The rust devil hits you.
The rust devil corrodes you!
The white imp shouts, "Give up, thou impertinent crook-pated cross-patch!"
You barely miss the ufetubus.
The ufetubus is severely wounded.
You hit the hellwing but do no damage. You hit the iron imp.
You hit the rust devil but do no damage.
The ufetubus hits you. x2; The iron imp hits you.
The ufetubus barely misses you. The ufetubus completely misses you.
The rust devil barely misses you.
You barely miss the ufetubus.
The ufetubus is severely wounded.
You completely miss the hellwing. You hit the iron imp but do no damage.
You hit the rust devil but do no damage.
The ufetubus barely misses you. x2; The iron imp closely misses you.
The hellwing barely misses you. x2; The rust devil hits you!
You die...

#.#.##.##.....#
#......##.....#
#####.###.....#
#.# #.....#
####.###%....#
#....)..######
#.##.##5# #
#.##5####
#..55@45#
####4##5...#
#5# ##.# ..#
####


You could see a hellwing (summoned), a rust devil (summoned), an iron imp
(summoned, very poisoned), 2 white imps, 2 shadow imps and 2 ufetubi.

Vanquished Creatures
  A dart slug (D:1)
  A goblin (D:1)
  A hobgoblin (D:1)
  A quokka (D:1)
  3 ball pythons (D:1)
  2 bats (D:1)
  2 kobolds (D:1)
11 creatures vanquished.

Notes
Turn   | Place    | Note
-------+----------+-------------------------------------------
     0 | D:1      | qw the Barachi Chaos Knight began the quest for the Orb.
     0 | D:1      | Reached XP level 1. HP: 18/18 MP: 1/1
     0 | D:1      | 0 ||| qw: Version: 0.1-a-102-g441f92d
     0 | D:1      | 0 ||| qw: Game counter: 5270
     0 | D:1      | 0 ||| qw: Always use a shield: true
     0 | D:1      | 0 ||| qw: God list: Okawaru
     0 | D:1      | 0 ||| qw: Allow faded altars: false
     0 | D:1      | 0 ||| qw: Do Orc after D:15 true
     0 | D:1      | 0 ||| qw: Do second Lair branch before Depths: true
     0 | D:1      | 0 ||| qw: Lair rune preference: random
     0 | D:1      | 0 ||| qw: Plans: Normal
     0 | D:1      | 0 ||| PLANNING D:1-11
     0 | D:1      | Fell from the grace of Xom
   285 | D:1      | 285 ||| DROPPING +0 club.
   393 | D:1      | 393 ||| Stepping ~*~*~tactically~*~*~ (hiding).
   396 | D:1      | Reached XP level 2. HP: 24/24 MP: 2/2
   581 | D:1      | Reached skill level 4 in Axes
   599 | D:1      | XOM: summons 9 hostile demons
   600 | D:1      | Noticed a rust devil
   600 | D:1      | Noticed a hellwing
   602 | D:1      | HP: 5/24 [iron imp[Xom] (3)]
   603 | D:1      | Slain by a rust devil

Levels and vault maps discovered:
D:1:      minmay_arrival_shattered_statue, layout_loops_cross,
          dilly_ecumenical_altar_fadedgnrine

Skill      XL: |  1  2 |
---------------+-------+-----
Axes           | 4 |  4.1
Fighting       | |  3.6
Armour         | |  2.4
Dodging        | |  1.1

Action                   || total
-------------------------++-------
Melee: Hand axe          ||    37
Invok: Renounce Religion ||     1
Armor: Leather armour    ||    13
Dodge: Dodged            ||    29

Table legend:
 A = Non-vault XP
 B = Vault XP
 C = Vault XP percentage of total XP
 D = Non-vault monster count
 E = Vault monster count
 F = Vault count percentage of total count
                 A         B        C        D         E       F
            +---------+---------+-------+---------+---------+-------
      Total |      19 |       0 |   0.0 |      11 |       0 |   0.0
            +---------+---------+-------+---------+---------+-------
        D:1 |      19 |       0 |   0.0 |      11 |       0 |   0.0
            +---------+---------+-------+---------+---------+-------
